 Dungeon Crawl Stone Soup version 0.23.0 (webtiles) character file.

Game seed: 3365761791506482309

3092 vishdafish the Cudgeler (level 9, 0/88 HPs)
             Began as a Troll Fighter on Feb 15, 2019.
             Was a Believer of Yredelemnul.
             Slain by a two-headed ogre
             ... wielding a +0 giant spiked club
              (22 damage)
             ... on level 7 of the Dungeon.
             The game lasted 00:16:48 (5521 turns).

vishdafish the Cudgeler (Troll Fighter)             Turns: 5521, Time: 00:16:49

Health: 0/88       AC:  7    Str: 31    XL:     9   Next: 59%
Magic:  6/6        EV: 15    Int:  7    God:    Yredelemnul [**....]
Gold:   309        SH: 11    Dex: 14    Spells: 8/8 levels left

rFire    . . .     SeeInvis .   x - +5 mace of Lysy {antimagic, rElec rN+ MP+9 Str+3}
rCold    . . .     Gourm    +   c - +0 shield
rNeg     + . .     Faith    .   b - +0 robe
rPois    +         Spirit   .   (helmet restricted)
rElec    +         Reflect  .   t - +0 cloak
rCorr    .         Harm     .   (gloves unavailable)
MR       .....                  (boots unavailable)
Stlth    +.........             (no amulet)
HPRegen  0.64/turn              v - +4 ring of evasion
MPRegen  0.10/turn              z - +5 ring of dexterity

@: no status effects
A: large, unfitting armour, claws 3, fast metabolism 3, gourmand, poison
resistance, regeneration 1, shaggy fur 1, strong 1, tough skin 3
a: Animate Remains, Recall Undead Slaves, Injury Mirror, Renounce Religion


You were on level 7 of the Dungeon.
You worshipped Yredelemnul.
Yredelemnul was pleased with you.
You were not hungry.

You visited 1 branch of the dungeon, and saw 7 of its levels.

You collected 309 gold pieces.

Inventory:

Hand Weapons
 a - a +0 flail
 l - a +2 flail of holy wrath
 x - the +5 mace of Lysy (weapon) {antimagic, rElec rN+ MP+9 Str+3}
   (You found it on level 5 of the Dungeon)

   It reduces the magical energy of the wielder, and disrupts the spells and
   magical abilities of those hit.
   Natural abilities and divine invocations are not affected.
   It affects your strength (+3).
   It insulates you from electricity.
   It protects you from negative energy.
   It affects your magic capacity (+9).
Missiles
 n - 2 javelins of penetration (quivered)
Armour
 b - a +0 robe (worn)
 c - a +0 shield (worn)
 t - a +0 cloak (worn)
Jewellery
 s - an uncursed ring of stealth
 u - an uncursed ring of protection from fire
 v - a +4 ring of evasion (left claw)
 z - a +5 ring of dexterity (right claw)
Wands
 o - a wand of iceblast (1)
 C - a wand of polymorph (10)
Scrolls
 d - 3 scrolls of immolation {unknown}
 h - 4 scrolls of remove curse
 j - 3 scrolls of blinking
 m - 2 scrolls of amnesia {unknown}
 r - 3 scrolls of magic mapping {unknown}
 w - a scroll of fear {unknown}
 y - a scroll of random uselessness {unknown}
 B - a scroll of vulnerability {unknown}
 D - a scroll of identify
Potions
 e - 5 potions of curing
 g - 2 potions of cancellation
 i - 3 potions of heal wounds
 k - 2 potions of lignification
 p - a potion of mutation
 A - a potion of invisibility {unknown}
Comestibles
 f - 23 rations


   Skills:
 + Level 5.0 Fighting
 * Level 7.1 Maces & Flails
 + Level 4.5 Throwing
 + Level 5.1 Dodging
 + Level 5.1 Shields
 * Level 2.6 Invocations


You had 8 spell levels left.
You didn't know any spells.
Your spell library contained the following spells:

 Spells                   Type           Power        Failure   Level  Hunger
 Corona                   Hex            #......      71%         1    ##.....
 Ensorcelled Hibernation  Hex/Ice        #.....       85%         2    ###....
 Confuse                  Hex            #.......     97%         3    ####...
 Dazzling Spray           Conj/Hex       #.....       97%         3    ####...
 Tukima's Dance           Hex            #.......     97%         3    ####...


Dungeon Overview and Level Annotations

Branches:
Dungeon (7/15)             Temple (0/1) D:6

Altars:
Nemelex Xobeh
Qazlal
Trog
Xom
Yredelemnul
The Shining One

Shops:
D:6 (

Annotations:
D:3 1 transporter
D:7 exclusion: ice statue


Innate Abilities, Weirdness & Mutations

You are too large for most types of armour.
You have claws for hands.
Your metabolism is lightning-fast.
You like to eat raw meat.
Your natural rate of healing is unusually fast.
You are covered in fur. (AC +1)
You have extremely tough skin. (AC +3)
Your system is resistant to poisons. (rPois)
Your muscles are strong. (Str +2)


Message History

The bolt of acid misses the two-headed ogre.
The bolt of acid hits the worker ant!
The worker ant is splashed with acid.
The acid corrodes the worker ant!
You kill the worker ant!
Yredelemnul accepts your kill. You block the two-headed ogre's attack.
The two-headed ogre hits you with a +0 giant spiked club!
* * * LOW HITPOINT WARNING * * *
Evoke which item? (* to show all) (? for menu, Esc to quit)
Aiming: Corrosive Bolt
Press: ? - help, Shift-Dir - straight line, f - two-headed ogre
Aim: a two-headed ogre, wielding two +0 giant spiked clubs (heavily wounded, covered in acid)
The bolt of acid hits the two-headed ogre!
The two-headed ogre is splashed with acid.
The acid corrodes the two-headed ogre!
The two-headed ogre is almost dead.
The now-empty wand crumbles to dust.
The two-headed ogre hits you with a +0 giant spiked club!!
You die...
Your body rises from the dead as a mindless zombie.

#.......#........##
#####.............#
#......)†.....# .
#.............##.#
#.....≈≈≈≈≈......#
##...≈≈...≈≈....##
#.%..≈.○...≈...##
#...#≈.._○.≈..####
##...≈.°.†@≈.....#
....≈≈...O≈.....#
..>.≈≈≈≈≈#...#..
.......?.#.####.
..##..#..... .#
#.##... .. #. ....
... . ..... ...


You could see a two-headed ogre.

Vanquished Creatures
  Grinder (D:3)
  A hippogriff (D:6)
  A steam dragon (D:7)
  Edmund (D:6)
  The ghost of feelmyfire the Ruffian, an amateur VSTm (D:3)
  2 ice beasts (D:6)
  A phantom (D:4)
  4 ogres
  3 centaurs
  A big kobold (D:6)
  3 bullfrogs
  3 scorpions
  An electric eel (D:7)
  A howler monkey (D:4)
  2 crimson imps (D:5)
  4 hounds
  A centaur zombie (D:6)
  3 bullfrog skeletons
  A centaur skeleton (D:4)
  An orc priest (D:6)
  4 iguanas
  Ijyb (D:4)
  5 worker ants
  3 hound skeletons
  A worker ant zombie (D:7)
  Robin (D:4)
  6 gnolls
  11 adders
  2 shadow imps
  2 oozes
  An adder zombie (D:7)
  3 adder skeletons
  5 worms
  A dart slug (D:1)
  5 leopard geckos
  9 orcs
  10 bats
  3 giant cockroaches
  17 goblins
  10 hobgoblins
  11 jackals
  2 quokkas
  6 frilled lizards
  27 kobolds
  A leopard gecko skeleton (D:4)
  A quokka skeleton (D:5)
  5 rats
189 creatures vanquished.

Vanquished Creatures (others)
  A crimson imp (D:7)
  An orc wizard (D:7)
  2 leopard geckos (D:7)
  3 plants (D:6)
7 creatures vanquished.

Grand Total: 196 creatures vanquished

Notes
Turn   | Place    | Note
-------+----------+-------------------------------------------
     0 | D:1      | vishdafish the Troll Fighter began the quest for the Orb.
     0 | D:1      | Reached XP level 1. HP: 22/22 MP: 0/0
   103 | D:1      | Reached skill level 2 in Maces & Flails
   117 | D:1      | Reached XP level 2. HP: 24/29 MP: 1/1
   472 | D:1      | Reached XP level 3. HP: 35/36 MP: 2/2
   829 | D:2      | Found a bloodstained altar of Trog.
   982 | D:2      | Reached skill level 1 in Throwing
  1081 | D:2      | Reached XP level 4. HP: 44/44 MP: 3/3
  1510 | D:2      | Reached skill level 3 in Maces & Flails
  1695 | D:2      | Noticed an ogre
  1702 | D:2      | Killed an ogre
  1702 | D:2      | Reached XP level 5. HP: 8/53 MP: 4/4
  1881 | D:3      | Found a transporter.
  1887 | D:3      | Noticed feelmyfire's ghost (amateur VSTm)
  1918 | D:3      | Found a transporter.
  1937 | D:3      | Noticed Grinder
  1943 | D:3      | Paralysed by Grinder for 5 turns
  1954 | D:3      | Paralysed by Grinder for 2 turns
  1958 | D:3      | Killed Grinder
  1958 | D:3      | Reached skill level 4 in Maces & Flails
  1958 | D:3      | Reached XP level 6. HP: 61/61 MP: 5/5
  2213 | D:3      | Found a basalt altar of Yredelemnul.
  2227 | D:3      | Became a worshipper of Yredelemnul the Dark
  2404 | D:3      | Killed feelmyfire's ghost
  2404 | D:3      | Reached XP level 7. HP: 64/67 MP: 6/6
  2427 | D:3      | Lost dexterity.
  3063 | D:4      | Noticed Robin
  3065 | D:4      | Reached skill level 5 in Maces & Flails
  3067 | D:4      | Noticed Ijyb
  3071 | D:4      | Killed Ijyb
  3076 | D:4      | HP: 2/68 [Robin/+0 spear (5)]
  3077 | D:4      | Killed Robin
  3226 | D:4      | Reached * piety under Yredelemnul
  3258 | D:4      | Reached XP level 8. HP: 76/78 MP: 7/7
  3450 | D:5      | Entered Level 5 of the Dungeon
  3884 | D:5      | Gained mutation: Your muscles are strong. (Str +2) [potion
                  | of mutation]
  3884 | D:5      | Gained mutation: Your system is resistant to poisons.
                  | (rPois) [potion of mutation]
  3892 | D:5      | Found a sparkling altar of Nemelex Xobeh.
  4234 | D:5      | Got a smoking mace
  4235 | D:5      | Identified the +5 mace of Lysy {antimagic, rElec rN+ MP+9
                  | Str+3} (You found it on level 5 of the Dungeon)
  4405 | D:6      | Found a stormy altar of Qazlal.
  4583 | D:6      | Reached skill level 6 in Maces & Flails
  4674 | D:6      | Found a glowing golden altar of the Shining One.
  4720 | D:6      | Found Silox's Antique Weapon Shop.
  4757 | D:6      | Reached XP level 9. HP: 80/85 MP: 5/8
  4920 | D:6      | Reached ** piety under Yredelemnul
  5008 | D:6      | Found a staircase to the Ecumenical Temple.
  5049 | D:6      | Noticed Edmund
  5072 | D:6      | Killed Edmund
  5286 | D:7      | Reached skill level 1 in Invocations
  5311 | D:6      | Reached skill level 5 in Dodging
  5396 | D:7      | Noticed an ice statue
  5489 | D:7      | Reached skill level 5 in Shields
  5494 | D:7      | Found a shimmering altar of Xom.
  5499 | D:7      | Reached skill level 7 in Maces & Flails
  5515 | D:7      | Noticed a two-headed ogre
  5518 | D:7      | Reached skill level 5 in Fighting
  5521 | D:7      | Slain by a two-headed ogre

Skill      XL: |  1  2  3  4  5  6  7  8  9 |
---------------+----------------------------+-----
Maces & Flails | 2 3 4 5 6 7 |  7.1
Throwing       | 1 2 3 4 |  4.5
Shields        | 3 4 5 |  5.1
Fighting       | 3 4 5 |  5.0
Dodging        | 3 4 5 |  5.1
Invocations    | 2 |  2.6

Action                   |  1- 3 |  4- 6 |  7- 9 || total
-------------------------+-------+-------+-------++-------
Melee: Flail             |   167 |   131 |   240 ||   538
       Mace              |       |       |   222 ||   222
Throw: Javelin           |       |     8 |    14 ||    22
       Throwing net      |       |     1 |     1 ||     2
Evoke: Wand              |       |       |    24 ||    24
  Use: Potion            |       |     2 |     3 ||     5
       Scroll            |       |     1 |     7 ||     8
 Stab: Sleeping          |       |     2 |       ||     2
  Eat: Chunk             |    11 |     9 |    26 ||    46
       Ration            |     1 |       |     3 ||     4
Armor: Robe              |    92 |    57 |   356 ||   505
Dodge: Dodged            |    73 |    59 |   278 ||   410
Block: Shield            |   100 |    76 |   230 ||   406
